 Dungeon Crawl Stone Soup version 0.27-a0-1308-gc08437e49b (webtiles) character file.

Game seed: 15766490039178855341

32 mordus the Skirmisher (level 3, 0/29 HPs)
             Began as a Formicid Abyssal Knight on June 18, 2021.
             Was a Follower of Lugonu.
             Slain by a kobold (5 damage)
             ... on level 2 of the Dungeon.
             The game lasted 00:05:02 (1057 turns).

mordus the Skirmisher (Formicid Abyssal Knight)     Turns: 1057, Time: 00:05:02

Health: 0/29       AC:  8    Str: 17    XL:     3   Next: 45%
Magic:  5/5        EV: 10    Int: 11    God:    Lugonu [*.....]
Gold:   46         SH:  0    Dex: 10    Spells: 2/2 levels left

rFire    . . .     SeeInvis +   a - +1 falchion
rCold    . . .     Faith    .   (no shield)
rNeg     . . .     Spirit   .   d - +3 ring mail
rPois    .         Reflect  .   (helmet unavailable)
rElec    .         Harm     .   (no cloak)
rCorr    .         Rampage  .   (no gloves)
Will     .....                  (no boots)
Stlth    ..........             (no amulet)
HPRegen  0.09/turn              (no ring)
MPRegen  0.09/turn              (no ring)

@: no status effects
A: permanent stasis, dig shafts and tunnels, antennae 3, four strong arms
a: Dig, Shaft Self, Renounce Religion, Depart the Abyss


You were on level 2 of the Dungeon.
You worshipped Lugonu.
Lugonu was aware of your devotion.
You visited 1 branch of the dungeon, and saw 2 of its levels.
You visited the Abyss 1 time.

You collected 46 gold pieces.

Inventory:

Hand Weapons
 a - a +1 falchion (weapon)
Missiles
 f - a throwing net
Armour
 b - a +0 leather armour
 d - a +3 ring mail (worn)
Scrolls
 c - 2 scrolls of immolation {unknown}
 e - 2 scrolls of identify {unknown}
Potions
 g - a potion of curing {unknown}


   Skills:
 - Level 3.2 Fighting
 * Level 2.9 Long Blades
 + Level 2.7 Armour
 - Level 0.8 Dodging
 + Level 2.8 Invocations


You had 2 spell levels left.
You didn't know any spells.
Your spell library was empty.

Dungeon Overview and Level Annotations

Branches:
Dungeon (2/15)

Altars:

Shops:
D:1 =


Innate Abilities, Weirdness & Mutations

You cannot be hasted, slowed, berserked, paralysed or teleported.
You can dig through walls and to a lower floor.
You have a pair of large antennae on your head. (SInv)
Your four strong arms can wield two-handed weapons with a shield.


Message History

A ball python is nearby!
The gnoll shouts!
There is a stone staircase leading up here.
The ball python bites you but does no damage.
The ball python grabs you.
You stop ascending the stairs.
The ball python constricts you.
The ball python bites you but does no damage.
The ball python constricts you.
You escape the ball python's grasp.
The gnoll hits you but does no damage.
You climb upwards.
The kobold hits you with a +0 short sword.
* * * LOW HITPOINT WARNING * * *
The gnoll barely misses you.
There is a stone staircase leading down here.
The ball python barely misses you. The ball python grabs you.
The ball python constricts you.
You escape the ball python's grasp.
The ball python completely misses you. The ball python barely misses you.
The ball python closely misses you.
You riposte.
You slash the ball python!
You kill the ball python!
Lugonu accepts your kill.
You see here a +0 leather armour.
There is a stone staircase leading down here.
You can't go down here!
The kobold hits you with a +0 short sword.
There is a stone staircase leading down here.
You closely miss the kobold. The kobold hits you but does no damage.
You barely miss the kobold. The kobold closely misses you.
The gnoll hits you with a +0 whip.
The kobold hits you with a +0 short sword.
* * * LOW HITPOINT WARNING * * *
You climb downwards.
A ball python comes into view.
Found a scroll labelled QEAJOH ETEM.
There is a stone staircase leading up here.
The ball python hisses angrily.
You hit the kobold but do no damage. The gnoll hits you with a +0 whip.
* * * LOW HITPOINT WARNING * * *
The kobold hits you with a +0 short sword.
You die...

..>.... .
.........## .
####.......S..# .
###.............#
.###..g##.......?..#
.....### ..........#
.......# ..........#
.......# #.....K.g#
.......# #......@#
.g.....###.########
.......#..........#
(S.....#..........#
.......#..........#
.<.....g..........#
########g.{.......#
#..........#
#......)...#


You could see a gnoll, a ball python and a kobold.

Vanquished Creatures
  A dart slug (D:1)
  5 ball pythons
  A bat (D:1)
  4 endoplasms
  2 giant cockroaches
  2 goblins
  2 hobgoblins (D:1)
  3 jackals (D:1)
  2 kobolds (D:1)
  A quokka (D:1)
  3 rats (D:1)
26 creatures vanquished.

Notes
Turn   | Place    | Note
-------+----------+-------------------------------------------
     0 | Abyss:1  | mordus the Formicid Abyssal Knight began the quest for the
                  | Orb.
     0 | Abyss:1  | Reached XP level 1. HP: 18/18 MP: 2/2
     1 | Abyss:1  | Found a broken altar of Ashenzari.
    69 | Abyss:1  | Noticed a spatial vortex
    85 | Abyss:1  | Noticed a small abomination
    87 | Abyss:1  | Noticed a ynoxinul
    89 | D:1      | Escaped the Abyss
   220 | D:1      | Found a faded altar of an unknown god.
   290 | D:1      | Reached XP level 2. HP: 23/24 MP: 3/3
   291 | D:1      | Reached * piety under Lugonu
   672 | D:1      | Found Ompadoli's Jewellery Emporium.
   676 | D:1      | Reached XP level 3. HP: 29/29 MP: 4/4
   894 | D:2      | HP: 1/29 [gnoll (5)]
  1057 | D:2      | Slain by a kobold

Illustrated notes

Levels and vault maps discovered:
D:1:      lemuel_arrival_hallway, layout_basic, basic_ecumenical_altar,
          serial_shops, nicolae_diamond_shop
D:2:      layout_rooms, uniq_crazy_yiuf_cottage

Action                   || total
-------------------------++-------
Melee: Falchion          ||    67
Invok: Depart the Abyss  ||     1
Armor: Ring mail         ||    33
       Leather armour    ||     3
Dodge: Dodged            ||    56
       Rpst.: Falchion   ||    17

Table legend: (Time is in decaauts)
 A = Elapsed time spent in this place.
 B = Non-inter-level travel time spent in this place.
 C = Inter-level travel time spent in this place.
 D = Time resting spent in this place.
 E = Time spent auto-exploring this place.
 F = Levels seen in this place.
 G = Mean time per level.
                   A        B        C        D        E       F      G
               +--------+--------+--------+--------+--------+-----+--------+
         Total |   1069 |   1047 |     22 |      4 |    685 |   3 |  356.3 |
       Dungeon |    980 |    958 |     22 |      4 |    609 |   2 |  490.0 |
         Abyss |     89 |     89 |      0 |      0 |     76 |   1 |   89.0 |
               +--------+--------+--------+--------+--------+-----+--------+

Top non-repeatable levels by time:
     D:1: 915 daAuts
 Abyss:1: 89 daAuts
     D:2: 65 daAuts
